| TOP OF THE 1ST |
|
Salt Lake Bees batting - Pitching for Nashville Sounds : RHP Chad Pfeiffer
|
|
Pitching: RHP Chad Pfeiffer
|
|
|
Batting: RHB Mike Harkins
|
0-0: Called Strike 0-1: Foul Ball, location: 2F 0-2: DOUBLE (Line Drive, 9LM, EV 105.6 MPH)
|
|
Batting: RHB Jose Pineda
|
0-0: Called Strike 0-1: TRIPLE (Groundball, 3L, EV 103.8 MPH) Mike Harkins scores
|
|
Batting: LHB Vinny Carreno
|
0-0: Called Strike 0-1: SINGLE (Line Drive, 78S, EV 106.2 MPH) Jose Pineda scores
|
|
Batting: LHB Matt Patnaude
|
0-0: Fly out, F9 (Line Drive, 9, EV 90.0 MPH)
|
|
Batting: RHB Cesar Ortega
|
0-0: Called Strike 0-1: Called Strike 0-2: Foul Ball, location: 2F 0-2: SINGLE (Groundball, 25, EV 63.8 MPH) (infield hit) Vinny Carreno to second
|
|
Batting: RHB Guillermo Mojica
|
0-0: Ball 1-0: Ball 2-0: Ball 3-0: Base on Balls Vinny Carreno to third Cesar Ortega to second
|
|
Batting: SHB Brendan Bundy
|
0-0: Foul Ball, location: 2F 0-1: SINGLE (Groundball, 34D, EV 111.2 MPH) (infield hit) Vinny Carreno scores Cesar Ortega to third Guillermo Mojica to second
|
|
Batting: SHB Ivan Barry
|
0-0: Ball 1-0: Fly out, F8 (Flyball, 8RXD, EV 86.9 MPH) Runner from 3rd tags up, SCORES, no throw by CF Guillermo Mojica to third
|
|
Batting: RHB Justin Noll
|
0-0: Called Strike 0-1: Ball 1-1: Foul Ball, location: 2F 1-2: Ball 2-2: Ball 3-2: Base on Balls Brendan Bundy to second
|
|
Batting: RHB Mike Harkins
|
0-0: Ball 1-0: Called Strike 1-1: Foul Ball, location: 2F 1-2: Ball 2-2: Strikes out swinging
|
| Top of the 1st over - 4 runs, 5 hits, 0 errors, 3 left on base; Salt Lake 4 - Nashville 0 |
| BOTTOM OF THE 1ST |
|
Nashville Sounds batting - Pitching for Salt Lake Bees : RHP Chris Wood
|
|
Pitching: RHP Chris Wood
|
|
|
Batting: LHB Zachary DeLuca
|
0-0: Called Strike 0-1: Ball 1-1: Ball 2-1: Ball 3-1: Ground out 6-3 (Groundball, 6M, EV 90.6 MPH)
|
|
Batting: RHB Robby Godwin
|
0-0: Called Strike 0-1: Ball 1-1: Ball 2-1: Swinging Strike 2-2: SINGLE (Line Drive, 8LS, EV 114.4 MPH)
|
|
Batting: RHB Chris Stillions
|
0-0: Ball 1-0: Foul Ball, location: 2F 1-1: Ball 2-1: SINGLE (Line Drive, 56D, EV 95.0 MPH) Robby Godwin to second
|
|
Batting: RHB Dusty Thompson
|
0-0: Fly out, F8 (Flyball, 8LS, EV 84.4 MPH)
|
|
Batting: SHB Rich Muniz
|
0-0: Foul Ball, location: 2F 0-1: Foul Ball, location: 2F 0-2: Ball 1-2: Ground out U3 (Groundball, 3L, EV 90.0 MPH)
|
| Bottom of the 1st over - 0 runs, 2 hits, 0 errors, 2 left on base; Salt Lake 4 - Nashville 0 |
| TOP OF THE 2ND |
|
Salt Lake Bees batting - Pitching for Nashville Sounds : RHP Chad Pfeiffer
|
|
Batting: RHB Jose Pineda
|
0-0: Called Strike 0-1: Fly out, F7 (Flyball, 78M, EV 96.9 MPH)
|
|
Batting: LHB Vinny Carreno
|
0-0: Called Strike 0-1: Ball 1-1: Swinging Strike 1-2: Strikes out swinging
|
|
Batting: LHB Matt Patnaude
|
0-0: Ball 1-0: Ball 2-0: Fly out, F7 (Flyball, 7LS, EV 87.5 MPH)
|
| Top of the 2nd over - 0 runs, 0 hits, 0 errors, 0 left on base; Salt Lake 4 - Nashville 0 |
| BOTTOM OF THE 2ND |
|
Nashville Sounds batting - Pitching for Salt Lake Bees : RHP Chris Wood
|
|
Batting: RHB Eduardo Chavez
|
0-0: Reached via error on a dropped throw from SS, E3 (Groundball, 6M, EV 95.6 MPH)
|
|
Batting: RHB Hyeong-uk Lyang
|
0-0: Ball 1-0: Called Strike Eduardo Chavez steals 2nd base 1-1: Ball 2-1: Ball 3-1: Called Strike 3-2: Strikes out swinging
|
|
Batting: SHB Josh Thorpe
|
0-0: Called Strike Eduardo Chavez steals 3rd base (no throw) 0-1: Ball 1-1: Ball 2-1: Foul Ball, location: 2F 2-2: Ball 3-2: Base on Balls
|
|
Batting: RHB Dunlang Clark
|
0-0: Ball 1-0: Called Strike Josh Thorpe steals 2nd base 1-1: Called Strike 1-2: Ground out 4-3 (Groundball, 4, EV 87.5 MPH) Eduardo Chavez scores Josh Thorpe to third
|
|
Batting: LHB Zachary DeLuca
|
0-0: Called Strike 0-1: Ball 1-1: Hit by Pitch
|
|
Batting: RHB Robby Godwin
|
0-0: Called Strike 0-1: Ball 1-1: Foul Ball, location: 2F 1-2: Ball Zachary DeLuca is caught stealing 2nd base 2-4
|
| Bottom of the 2nd over - 1 run, 0 hits, 1 error, 1 left on base; Salt Lake 4 - Nashville 1 |
| TOP OF THE 3RD |
|
Salt Lake Bees batting - Pitching for Nashville Sounds : RHP Chad Pfeiffer
|
|
Batting: RHB Cesar Ortega
|
0-0: Swinging Strike 0-1: Ball 1-1: Ground out 5-3 (Groundball, 56S, EV 85.6 MPH)
|
|
Batting: RHB Guillermo Mojica
|
0-0: Fly out, F8 (Flyball, 8RM, EV 88.1 MPH)
|
|
Batting: SHB Brendan Bundy
|
0-0: Ball 1-0: Called Strike 1-1: Ball 2-1: Foul Ball, location: 2F 2-2: Strikes out swinging
|
| Top of the 3rd over - 0 runs, 0 hits, 0 errors, 0 left on base; Salt Lake 4 - Nashville 1 |
| BOTTOM OF THE 3RD |
|
Nashville Sounds batting - Pitching for Salt Lake Bees : RHP Chris Wood
|
|
Batting: RHB Robby Godwin
|
0-0: Ball 1-0: Ball 2-0: Reached on error, E9 (Flyball, 9D, EV 106.9 MPH)
|
|
Batting: RHB Chris Stillions
|
0-0: Swinging Strike 0-1: Called Strike 0-2: Foul Ball, location: 2F 0-2: Strikes out swinging
|
|
Batting: RHB Dusty Thompson
|
0-0: Called Strike Robby Godwin steals 3rd base 0-1: Ground out 5-3 (Groundball, 56S, EV 65.0 MPH) Robby Godwin scores
|
|
Batting: SHB Rich Muniz
|
0-0: Ball 1-0: Ground out U3 (Groundball, 3, EV 77.5 MPH)
|
| Bottom of the 3rd over - 1 run, 0 hits, 1 error, 0 left on base; Salt Lake 4 - Nashville 2 |
| TOP OF THE 4TH |
|
Salt Lake Bees batting - Pitching for Nashville Sounds : RHP Chad Pfeiffer
|
|
Batting: SHB Ivan Barry
|
0-0: Ball 1-0: Foul Ball, location: 2F 1-1: Ball 2-1: Called Strike 2-2: Ground out 5-3 (Groundball, 56, EV 83.1 MPH)
|
|
Batting: RHB Justin Noll
|
0-0: Swinging Strike 0-1: Ball 1-1: Foul Ball, location: 2F 1-2: Ball 2-2: Strikes out swinging
|
|
Batting: RHB Mike Harkins
|
0-0: SOLO HOME RUN (Flyball, 7D, EV 96.2 MPH), Distance : 385 ft
|
|
Pitching: RHP Jake Gregor
|
|
|
Batting: RHB Jose Pineda
|
0-0: Called Strike 0-1: Ball 1-1: Ground out 5-3 (Groundball, 56S, EV 81.2 MPH)
|
| Top of the 4th over - 1 run, 1 hit, 0 errors, 0 left on base; Salt Lake 5 - Nashville 2 |
| BOTTOM OF THE 4TH |
|
Nashville Sounds batting - Pitching for Salt Lake Bees : RHP Chris Wood
|
|
Batting: RHB Eduardo Chavez
|
0-0: Fly out, F7 (Flyball, 7D, EV 88.1 MPH)
|
|
Batting: RHB Hyeong-uk Lyang
|
0-0: Swinging Strike 0-1: Ball 1-1: Ball 2-1: Ball 3-1: DOUBLE (Flyball, 8LD, EV 95.6 MPH)
|
|
Batting: SHB Josh Thorpe
|
0-0: Foul Ball, location: 2F 0-1: Ball 1-1: Ball 2-1: SINGLE (Flyball, 7LS, EV 96.9 MPH) Hyeong-uk Lyang to third Runner from 3rd tries for Home, SAFE, throw by LF to home
|
|
Batting: RHB Dunlang Clark
|
0-0: Ball 1-0: Ball 2-0: Ball 3-0: Called Strike 3-1: Called Strike 3-2: Foul Ball, location: 2F 3-2: Base on Balls Josh Thorpe to second
|
|
Batting: LHB Zachary DeLuca
|
0-0: Ball 1-0: 3-RUN HOME RUN (Flyball, 89XD, EV 105.0 MPH), Distance : 394 ft
|
|
Pitching: LHP Pete Zamarron
|
|
|
Batting: RHB Robby Godwin
|
0-0: Ball 1-0: Called Strike 1-1: Foul Ball, location: 2F 1-2: Foul Ball, location: 2F 1-2: SINGLE (Flyball, 5D, EV 95.6 MPH)
|
|
Batting: RHB Chris Stillions
|
0-0: Ball 1-0: Foul Ball, location: 2F 1-1: Ball 2-1: Called Strike 2-2: Ball Robby Godwin is caught stealing 2nd base 2-4 3-2: Ground out 3-1 (Groundball, 34, EV 81.2 MPH)
|
| Bottom of the 4th over - 4 runs, 4 hits, 0 errors, 0 left on base; Salt Lake 5 - Nashville 6 |
| TOP OF THE 5TH |
|
Salt Lake Bees batting - Pitching for Nashville Sounds : RHP Jake Gregor
|
|
Batting: LHB Vinny Carreno
|
0-0: Ball 1-0: Swinging Strike 1-1: Foul Ball, location: 2F 1-2: Foul Ball, location: 2F 1-2: Ball 2-2: Strikes out swinging
|
|
Batting: LHB Matt Patnaude
|
0-0: Ball 1-0: Called Strike 1-1: Ball 2-1: Foul Ball, location: 2F 2-2: Ball 3-2: Foul Ball, location: 2F 3-2: Ground out 4-3 (Groundball, 4M, EV 104.4 MPH)
|
|
Batting: RHB Cesar Ortega
|
0-0: Ball 1-0: Ball 2-0: Ball 3-0: Base on Balls
|
|
Batting: RHB Guillermo Mojica
|
0-0: Ball 1-0: Called Strike 1-1: Called Strike Pickoff Throw to First - Out! 1-3
|
| Top of the 5th over - 0 runs, 0 hits, 0 errors, 0 left on base; Salt Lake 5 - Nashville 6 |
| BOTTOM OF THE 5TH |
|
Nashville Sounds batting - Pitching for Salt Lake Bees : LHP Pete Zamarron
|
|
Batting: RHB Dusty Thompson
|
0-0: Swinging Strike 0-1: Ball 1-1: Swinging Strike 1-2: Ball 2-2: Strikes out swinging
|
|
Batting: SHB Rich Muniz
|
0-0: Ball 1-0: Swinging Strike 1-1: Called Strike 1-2: Strikes out swinging
|
|
Batting: RHB Eduardo Chavez
|
0-0: Ball 1-0: Ground out 6-3 (Groundball, 6, EV 106.9 MPH)
|
| Bottom of the 5th over - 0 runs, 0 hits, 0 errors, 0 left on base; Salt Lake 5 - Nashville 6 |
| TOP OF THE 6TH |
|
Salt Lake Bees batting - Pitching for Nashville Sounds : RHP Jake Gregor
|
|
Batting: RHB Guillermo Mojica
|
0-0: Foul Ball, location: 2F 0-1: Ball 1-1: Ball 2-1: SINGLE (Groundball, 4M, EV 103.1 MPH) (infield hit)
|
|
Batting: SHB Brendan Bundy
|
0-0: Ball 1-0: Called Strike 1-1: Swinging Strike 1-2: Ball 2-2: Strikes out swinging
|
|
Batting: SHB Ivan Barry
|
0-0: Called Strike 0-1: Ball 1-1: Ball 2-1: Ball 3-1: Foul Ball, location: 2F 3-2: Foul Ball, location: 2F 3-2: Foul Ball, location: 2F 3-2: Base on Balls Guillermo Mojica to second
|
|
Pitching: RHP Tony Botello
|
|
|
Batting: RHB Justin Noll
|
0-0: Foul Ball, location: 2F 0-1: Foul Ball, location: 2F 0-2: Ball 1-2: Strikes out looking
|
|
Batting: RHB Mike Harkins
|
0-0: Called Strike 0-1: Ball 1-1: Ball 2-1: Swinging Strike 2-2: Ball 3-2: SINGLE (Groundball, 4MD, EV 101.2 MPH) Guillermo Mojica to third Ivan Barry to second Guillermo Mojica scores Ivan Barry to third
|
|
Batting: RHB Jose Pineda
|
0-0: Ground out 4-3 (Groundball, 4, EV 92.5 MPH)
|
| Top of the 6th over - 1 run, 2 hits, 0 errors, 2 left on base; Salt Lake 6 - Nashville 6 |
| BOTTOM OF THE 6TH |
|
Nashville Sounds batting - Pitching for Salt Lake Bees : LHP Pete Zamarron
|
|
Batting: RHB Hyeong-uk Lyang
|
0-0: Called Strike 0-1: Called Strike 0-2: Foul Ball, location: 2F 0-2: Foul Ball, location: 2F 0-2: Foul Ball, location: 2F 0-2: Ground out 5-3 (Groundball, 56, EV 81.2 MPH)
|
|
Batting: SHB Josh Thorpe
|
0-0: Called Strike 0-1: Bunted foul 0-2: Ball 1-2: Foul Ball, location: 2F 1-2: Foul Ball, location: 2F 1-2: Ball 2-2: Ball 3-2: Foul Ball, location: 2F 3-2: Fly out, F8 (Flyball, 8RD, EV 97.5 MPH)
|
|
Batting: RHB Dunlang Clark
|
0-0: Called Strike 0-1: Ground out U3 (Groundball, 34, EV 100.6 MPH)
|
| Bottom of the 6th over - 0 runs, 0 hits, 0 errors, 0 left on base; Salt Lake 6 - Nashville 6 |
| TOP OF THE 7TH |
|
Salt Lake Bees batting - Pitching for Nashville Sounds : RHP Tony Botello
|
|
Batting: LHB Vinny Carreno
|
0-0: Ball 1-0: Called Strike 1-1: Foul Ball, location: 2F 1-2: Ground out 6-3 (Groundball, 6, EV 94.4 MPH)
|
|
Batting: LHB Matt Patnaude
|
0-0: Ball 1-0: Ball 2-0: Foul Ball, location: 2F 2-1: Ball 3-1: Fly out, F9 (Line Drive, 9, EV 89.4 MPH)
|
|
Batting: RHB Cesar Ortega
|
0-0: Swinging Strike 0-1: Called Strike 0-2: Fly out, F9 (Flyball, 9, EV 86.9 MPH)
|
| Top of the 7th over - 0 runs, 0 hits, 0 errors, 0 left on base; Salt Lake 6 - Nashville 6 |
| BOTTOM OF THE 7TH |
|
Nashville Sounds batting - Pitching for Salt Lake Bees : LHP Pete Zamarron
|
|
Pitching: LHP Matt Barr
|
|
|
Batting: LHB Zachary DeLuca
|
0-0: Foul Ball, location: 2F 0-1: Ball 1-1: Swinging Strike 1-2: Ground out 1-3 (Groundball, 15, EV 67.5 MPH)
|
|
Batting: RHB Robby Godwin
|
0-0: Called Strike 0-1: Ball 1-1: SINGLE (Flyball, 3D, EV 100.6 MPH)
|
|
Batting: RHB Chris Stillions
|
0-0: Called Strike Robby Godwin is caught stealing 2nd base 2-4 0-1: Ball 1-1: Called Strike 1-2: Ground out 4-3 (Groundball, 4M, EV 93.1 MPH)
|
| Bottom of the 7th over - 0 runs, 1 hit, 0 errors, 0 left on base; Salt Lake 6 - Nashville 6 |
| TOP OF THE 8TH |
|
Salt Lake Bees batting - Pitching for Nashville Sounds : RHP Tony Botello
|
|
Pitching: RHP Dan Johnson
|
|
|
Batting: RHB Guillermo Mojica
|
0-0: Ball 1-0: Swinging Strike 1-1: Called Strike 1-2: Strikes out swinging
|
|
Batting: SHB Brendan Bundy
|
0-0: Ball 1-0: Called Strike 1-1: Called Strike 1-2: Ground out 4-3 (Groundball, 4M, EV 89.4 MPH)
|
|
Batting: SHB Ivan Barry
|
0-0: Fly out, F4 (Line Drive, 4, EV 63.1 MPH)
|
| Top of the 8th over - 0 runs, 0 hits, 0 errors, 0 left on base; Salt Lake 6 - Nashville 6 |
| BOTTOM OF THE 8TH |
|
Nashville Sounds batting - Pitching for Salt Lake Bees : LHP Matt Barr
|
|
Batting: RHB Dusty Thompson
|
0-0: Ball 1-0: Called Strike 1-1: Ball 2-1: Ball 3-1: Fly out, F7 (Line Drive, 7, EV 95.6 MPH)
|
|
Batting: SHB Rich Muniz
|
0-0: Fly out, F2 (Popup, 23F, EV 83.8 MPH)
|
|
Batting: RHB Eduardo Chavez
|
0-0: Ground out 4-3 (Groundball, 4MD, EV 96.2 MPH)
|
| Bottom of the 8th over - 0 runs, 0 hits, 0 errors, 0 left on base; Salt Lake 6 - Nashville 6 |
| TOP OF THE 9TH |
|
Salt Lake Bees batting - Pitching for Nashville Sounds : RHP Dan Johnson
|
|
Batting: RHB Justin Noll
|
0-0: Swinging Strike 0-1: Ball 1-1: Swinging Strike 1-2: Foul Ball, location: 2F 1-2: Strikes out swinging
|
|
Batting: RHB Mike Harkins
|
0-0: Called Strike 0-1: Ball 1-1: Foul Ball, location: 2F 1-2: Foul Ball, location: 2F 1-2: Fly out, F4 (Flyball, 4MD, EV 95.6 MPH)
|
|
Batting: RHB Jose Pineda
|
0-0: Ball 1-0: Foul Ball, location: 2F 1-1: Called Strike 1-2: Foul Ball, location: 2F 1-2: Ball 2-2: Foul Ball, location: 2F 2-2: Strikes out looking
|
| Top of the 9th over - 0 runs, 0 hits, 0 errors, 0 left on base; Salt Lake 6 - Nashville 6 |
| BOTTOM OF THE 9TH |
|
Nashville Sounds batting - Pitching for Salt Lake Bees : LHP Matt Barr
|
|
Pitching: RHP Kirk Thacker
|
|
|
Batting: RHB Hyeong-uk Lyang
|
0-0: Fly out, F7 (Flyball, 7S, EV 84.4 MPH)
|
|
Batting: SHB Josh Thorpe
|
0-0: Ball 1-0: Ball 2-0: Ball 3-0: Swinging Strike 3-1: Called Strike 3-2: Foul Ball, location: 2F 3-2: Strikes out looking
|
|
Pinch Hitting: SHB Quincy Bradford
|
0-0: Called Strike 0-1: Foul Ball, location: 2F 0-2: Ball 1-2: Ball 2-2: Ball 3-2: Foul Ball, location: 2F 3-2: SINGLE (Groundball, 25, EV 70.0 MPH) (infield hit)
|
|
Batting: LHB Zachary DeLuca
|
0-0: Ball 1-0: Swinging Strike 1-1: Ground out U3 (Groundball, 34S, EV 85.6 MPH)
|
| Bottom of the 9th over - 0 runs, 1 hit, 0 errors, 1 left on base; Salt Lake 6 - Nashville 6 |
| TOP OF THE 10TH |
|
Salt Lake Bees batting - Pitching for Nashville Sounds : RHP Dan Johnson
|
|
Now at C: Gabe Gutierrez
|
|
|
Batting: LHB Vinny Carreno
|
0-0: Called Strike 0-1: Swinging Strike 0-2: Ball 1-2: Strikes out swinging
|
|
Batting: LHB Matt Patnaude
|
0-0: Ball 1-0: Called Strike 1-1: Swinging Strike 1-2: Strikes out swinging
|
|
Batting: RHB Cesar Ortega
|
0-0: Ball 1-0: Called Strike 1-1: Foul Ball, location: 2F 1-2: Fly out, F4 (Flyball, 4D, EV 89.4 MPH)
|
| Top of the 10th over - 0 runs, 0 hits, 0 errors, 0 left on base; Salt Lake 6 - Nashville 6 |
| BOTTOM OF THE 10TH |
|
Nashville Sounds batting - Pitching for Salt Lake Bees : RHP Kirk Thacker
|
|
Batting: RHB Robby Godwin
|
0-0: Fly out, F5 (Line Drive, 5, EV 65.6 MPH)
|
|
Batting: RHB Chris Stillions
|
0-0: Called Strike 0-1: Ball 1-1: Ball 2-1: Ball 3-1: Foul Ball, location: 2F 3-2: Foul Ball, location: 2F 3-2: Strikes out swinging
|
|
Batting: RHB Dusty Thompson
|
0-0: Called Strike 0-1: Ball 1-1: Fly out, F8 (Flyball, 8RD, EV 84.4 MPH)
|
| Bottom of the 10th over - 0 runs, 0 hits, 0 errors, 0 left on base; Salt Lake 6 - Nashville 6 |
| TOP OF THE 11TH |
|
Salt Lake Bees batting - Pitching for Nashville Sounds : RHP Dan Johnson
|
|
Batting: RHB Guillermo Mojica
|
0-0: Called Strike 0-1: Ball 1-1: Ball 2-1: Fly out, F9 (Flyball, 9S, EV 81.2 MPH)
|
|
Batting: SHB Brendan Bundy
|
0-0: Called Strike 0-1: Ball 1-1: Ground out U3 (Groundball, 34S, EV 88.8 MPH)
|
|
Batting: SHB Ivan Barry
|
0-0: SINGLE (Groundball, 34D, EV 96.2 MPH)
|
|
Pitching: RHP Elijah Everett
|
|
|
Batting: RHB Justin Noll
|
0-0: Ball 1-0: Foul Ball, location: 2F 1-1: Ball 2-1: Foul Ball, location: 2F 2-2: Ground out 5-3 (Groundball, 56S, EV 89.4 MPH)
|
| Top of the 11th over - 0 runs, 1 hit, 0 errors, 1 left on base; Salt Lake 6 - Nashville 6 |
| BOTTOM OF THE 11TH |
|
Nashville Sounds batting - Pitching for Salt Lake Bees : RHP Kirk Thacker
|
|
Batting: SHB Rich Muniz
|
0-0: Ball 1-0: Ball 2-0: Fly out, F8 (Flyball, 78S, EV 91.9 MPH)
|
|
Batting: RHB Eduardo Chavez
|
0-0: Called Strike 0-1: Foul Ball, location: 2F 0-2: Strikes out swinging
|
|
Batting: RHB Hyeong-uk Lyang
|
0-0: Swinging Strike 0-1: Called Strike 0-2: Ground out 4-3 (Groundball, 4M, EV 81.2 MPH)
|
| Bottom of the 11th over - 0 runs, 0 hits, 0 errors, 0 left on base; Salt Lake 6 - Nashville 6 |
| TOP OF THE 12TH |
|
Salt Lake Bees batting - Pitching for Nashville Sounds : RHP Elijah Everett
|
|
Batting: RHB Mike Harkins
|
0-0: Ball 1-0: Ball 2-0: Foul Ball, location: 2F 2-1: Ground out 4-3 (Groundball, 4, EV 104.4 MPH)
|
|
DELAY
|
Rain delay of 4 minutes in the 12th inning.
|
|
Batting: RHB Jose Pineda
|
0-0: Swinging Strike 0-1: Foul Ball, location: 2F 0-2: Ball 1-2: Ball 2-2: Strikes out swinging
|
|
Batting: LHB Vinny Carreno
|
0-0: Foul Ball, location: 2F 0-1: Foul Ball, location: 2F 0-2: Fly out, F9 (Line Drive, 9D, EV 89.4 MPH)
|
| Top of the 12th over - 0 runs, 0 hits, 0 errors, 0 left on base; Salt Lake 6 - Nashville 6 |
| BOTTOM OF THE 12TH |
|
Nashville Sounds batting - Pitching for Salt Lake Bees : RHP Kirk Thacker
|
|
Batting: SHB Josh Thorpe
|
0-0: Fly out, F7 (Flyball, 7S, EV 88.8 MPH)
|
|
Batting: RHB Gabe Gutierrez
|
0-0: Called Strike 0-1: Swinging Strike 0-2: Foul Ball, location: 2F 0-2: Ball 1-2: Ball 2-2: Strikes out swinging
|
|
Pitching: LHP Nick Yarbrough
|
|
|
Batting: LHB Zachary DeLuca
|
0-0: Ball 1-0: Ball 2-0: Ball 3-0: Called Strike 3-1: Foul Ball, location: 2F 3-2: Base on Balls
|
|
Batting: RHB Robby Godwin
|
0-0: Ball Zachary DeLuca is caught stealing 2nd base 2-4
|
| Bottom of the 12th over - 0 runs, 0 hits, 0 errors, 0 left on base; Salt Lake 6 - Nashville 6 |
| TOP OF THE 13TH |
|
Salt Lake Bees batting - Pitching for Nashville Sounds : RHP Elijah Everett
|
|
Batting: LHB Matt Patnaude
|
0-0: Ball 1-0: Ball 2-0: Called Strike 2-1: Ball 3-1: Base on Balls
|
|
Batting: RHB Cesar Ortega
|
0-0: Ball 1-0: Called Strike 1-1: Called Strike Matt Patnaude steals 2nd base 1-2: Ball 2-2: Ball 3-2: DOUBLE (Flyball, 78XD, EV 115.0 MPH) Matt Patnaude scores
|
|
Batting: RHB Guillermo Mojica
|
0-0: Called Strike 0-1: Ball 1-1: Called Strike 1-2: Ball 2-2: Foul Ball, location: 2F 2-2: Ball 3-2: Strikes out swinging, 2-3 out at first.
|
|
Pitching: RHP Craig Daniel
|
|
|
Batting: SHB Brendan Bundy
|
0-0: Called Strike 0-1: Ball 1-1: Ball 2-1: Foul Ball, location: 2F 2-2: Fly out, F7 (Flyball, 7, EV 81.9 MPH)
|
|
Batting: SHB Ivan Barry
|
0-0: Intentional Walk
|
|
Batting: RHB Justin Noll
|
0-0: Ball 1-0: Foul Ball, location: 2F 1-1: Ball 2-1: Called Strike 2-2: Ball 3-2: Strikes out swinging
|
| Top of the 13th over - 1 run, 1 hit, 0 errors, 2 left on base; Salt Lake 7 - Nashville 6 |
| BOTTOM OF THE 13TH |
|
Nashville Sounds batting - Pitching for Salt Lake Bees : LHP Nick Yarbrough
|
|
Batting: RHB Robby Godwin
|
0-0: Called Strike 0-1: Ball 1-1: Ground out 6-3 (Groundball, 6S, EV 78.8 MPH)
|
|
Batting: RHB Chris Stillions
|
0-0: Called Strike 0-1: Ball 1-1: Ball 2-1: SINGLE (Groundball, 56S, EV 60.6 MPH) (infield hit)
|
|
Batting: RHB Dusty Thompson
|
0-0: Ball 1-0: Swinging Strike 1-1: Called Strike 1-2: Strikes out swinging
|
|
Batting: SHB Rich Muniz
|
0-0: Ball 1-0: Swinging Strike 1-1: Foul Ball, location: 2F 1-2: Ball 2-2: Strikes out swinging
|
| Bottom of the 13th over - 0 runs, 1 hit, 0 errors, 1 left on base; Salt Lake 7 - Nashville 6 |
|